Map: Ever Dream LE

Players

Nice - Winner!

  • Race: Protoss Protoss
  • Spawn Location: 7:00

黑羽快斗 (ButAlways)

  • Race: Protoss Protoss
  • League: Master
  • Spawn Location: 1:00

Event: DreamHack SC2 Masters 2020 Fall

VOD

Have the link to the VOD?

Description

Time

  • Played on: Aug. 30, 2020, 8:27 a.m.
  • Length: 13:14

All games in this series

Show
View Real Time Build Order
Export as new Build Order

Nice Protoss - Winner!

Build Orders: 1 Gate Expand, Proxy Void Ray 

Get SALT Encoding   

  12  0:00  Probe  
  13  0:12  Probe  
  14  0:18  Pylon  
  14  0:24  Probe  
  15  0:36  Probe (Chrono Boost)  
  15  0:39  Gateway  
  16  0:47  Assimilator  
  16  0:48  Probe (Chrono Boost)  
  17  0:52  Probe (Chrono Boost)  
  18  1:03  Probe  
  19  1:15  Probe  
  20  1:23  Nexus  
  20  1:33  Cybernetics Core  
  20  1:38  Assimilator  
  20  1:41  Probe  
  21  1:48  Pylon  
  21  1:53  Probe  
  22  2:05  Probe  
  22  2:06  Adept (Chrono Boost)  
  23  2:09  Warp Gate  
  25  2:16  Pylon  
  25  2:17  Probe  
  26  2:25  Shield Battery  
  26  2:26  Stalker (Chrono Boost)  
  28  2:31  Probe  
  28  2:36  Probe  
  30  2:43  Stargate  
  30  2:44  Probe  
  31  2:53  Stalker (Chrono Boost)  
  33  3:06  Shield Battery  
  33  3:07  Shield Battery  
  33  3:19  Void Ray (Chrono Boost), Stalker  
  33  3:23  Shield Battery  
  34  3:32  Pylon  
  38  3:36  Probe  
  38  3:37  Probe  
  40  3:46  Void Ray (Chrono Boost)  
  44  3:59  Shield Battery  
  44  4:00  Stalker  
  46  4:13  Gateway  
  46  4:19  Void Ray (Chrono Boost)  
  46  4:28  Zealot  
  46  4:31  Gateway  
  52  4:33  Shield Battery  
  52  4:43  Shield Battery  
  52  4:50  Shield Battery  
  52  4:56  Probe x2  
  54  5:08  Probe x2  
  54  5:12  Pylon  
  54  5:17  Pylon  
  54  5:20  Pylon  
  54  5:29  Oracle (Chrono Boost)  
  54  5:30  Probe x2  
  55  5:40  Zealot x2  
  51  5:46  Probe  
  52  5:56  Oracle (Chrono Boost)  
  54  6:17  Zealot x2  
  58  6:21  Void Ray (Chrono Boost)  
  60  6:38  Zealot x2  
  62  6:40  Cybernetics Core  
  62  6:50  Void Ray (Chrono Boost)  
  60  6:55  Gateway  
  64  7:07  Zealot  
  60  7:20  Stalker  
  60  7:22  Probe x2  
  60  7:44  Zealot, Pylon  
  60  7:47  Shield Battery  
  60  7:50  Pylon  
  62  7:53  Void Ray (Chrono Boost)  
  62  8:00  Robotics Facility  
  62  8:02  Probe x2  
  68  8:10  Pylon  
  64  8:21  Zealot x3  
  64  8:22  Probe  
  64  8:24  Probe  
  72  8:28  Void Ray  
  76  8:47  Observer (Chrono Boost)  
  77  8:50  Zealot x2, Stalker  
  77  8:53  Probe x2  
  85  8:59  Assimilator  
  85  9:01  Assimilator  
  85  9:02  Pylon  
  86  9:21  Immortal (Chrono Boost)  
  86  9:24  Pylon  
  89  9:36  Twilight Council, Sentry  
  91  9:43  Forge  
  91  9:55  Immortal  
  95  10:04  Gateway  
  95  10:05  Gateway  
  95  10:07  Gateway  
  95  10:10  Pylon  
  95  10:11  Blink (Chrono Boost)  
  95  10:21  Protoss Ground Weapons Level 1  
  95  10:23  Sentry  
  97  10:35  Dark Shrine  
  97  10:38  Pylon  
  97  10:45  Warp Prism (Chrono Boost)  
  99  10:57  Photon Cannon x2  
  99  10:59  Probe  
  100  11:11  Sentry  
  99  11:26  Pylon  
  99  11:31  Immortal (Chrono Boost)  
  103  11:34  Nexus  
  103  11:42  Probe x2  
  103  11:43  Pylon  
  105  11:51  Dark Templar  
  105  11:52  Dark Templar  
  109  12:03  Immortal (Chrono Boost)  
  109  12:07  Sentry  
  115  12:15  Dark Templar  
  115  12:20  Dark Templar x2  
  121  12:24  Archon  
  121  12:27  Shield Battery  
  117  12:50  Zealot x4  
  115  12:56  Dark Templar x2  
Show
View Real Time Build Order
Export as new Build Order

黑羽快斗 Protoss 

Build Orders: Dark Templar Rush 

Get SALT Encoding   

  12  0:00  Probe  
  13  0:12  Probe  
  14  0:17  Pylon  
  14  0:24  Probe (Chrono Boost)  
  15  0:36  Probe (Chrono Boost)  
  15  0:37  Gateway  
  16  0:44  Probe (Chrono Boost)  
  16  0:46  Assimilator  
  17  0:51  Probe  
  17  0:55  Assimilator  
  18  1:03  Probe (Chrono Boost)  
  19  1:09  Gateway  
  20  1:12  Probe (Chrono Boost)  
  20  1:17  Probe (Chrono Boost)  
  20  1:25  Cybernetics Core  
  21  1:29  Probe  
  22  1:36  Pylon  
  22  1:41  Probe  
  23  1:54  Probe  
  23  2:00  Warp Gate (Chrono Boost)  
  24  2:02  Stalker x2  
  28  2:10  Pylon  
  28  2:19  Robotics Facility  
  28  2:32  Stalker  
  28  2:34  Stalker  
  31  2:46  Pylon  
  30  3:02  Warp Prism (Chrono Boost)  
  30  3:08  Gateway  
  32  3:17  Twilight Council  
  32  3:27  Shield Battery  
  33  3:43  Stalker  
  33  3:44  Stalker  
  36  3:57  Dark Shrine  
  36  4:04  Sentry  
  38  4:11  Pylon  
  38  4:23  Stalker x2  
  42  4:28  Stalker  
  44  4:49  Stalker x2  
  48  4:52  Stalker  
  48  4:57  Pylon  
  50  5:17  Dark Templar  
  50  5:21  Zealot x2  
  50  5:48  Dark Templar  
  52  5:53  Probe  
  53  6:01  Dark Templar  
  53  6:06  Probe  
  52  6:18  Probe  
  53  6:22  Dark Templar  
  53  6:25  Zealot  
  51  6:44  Stalker  
  53  6:47  Stalker  
  55  7:00  Stalker  
  57  7:08  Stalker  
  51  7:21  Stalker x2  
  55  7:24  Stalker  
  55  7:26  Probe  
  55  7:27  Pylon  
  54  7:38  Probe  
  55  7:50  Probe  
  56  7:51  Stalker x3  
  56  7:56  Stalker x3  
  62  8:02  Probe, Pylon  
  62  8:05  Pylon  
  59  8:16  Blink (Chrono Boost)  
  60  8:24  Nexus  
  60  8:25  Probe, Stalker  
  62  8:38  Probe  
  62  8:41  Sentry  
  65  8:43  Pylon  
  65  8:52  Probe  
  66  9:02  Shield Battery  
  66  9:04  Probe  
  66  9:06  Observer (Chrono Boost)  
  68  9:15  Stalker  
  70  9:38  Stalker x2  
  74  9:44  Assimilator  
  70  9:59  Probe x2  
  72  10:05  Stalker x2, Charge (Chrono Boost)  
  76  10:11  Probe  
  76  10:14  Observer  
  77  10:26  Probe  
  78  10:46  Stalker x2  
  82  10:53  Nexus  
  82  10:56  Gateway  
  83  11:00  Gateway  
  83  11:05  Zealot  
  84  11:24  Gateway  
  83  11:26  Observer, Gateway  
  83  11:27  Zealot  
  86  11:35  Zealot, Pylon  
  86  11:41  Zealot  
  88  11:53  Zealot x2  
  92  12:05  Zealot x3  
  98  12:09  Shield Battery  
  98  12:22  Observer (Chrono Boost)  
  89  12:34  Zealot x4  
  64  12:53  Zealot  

Tags
 
Add a new tag
Caveats
  • Supply blocks, unpowered buildings, or Contaminate may cause inaccurate times.
  • Supply counts are checked every 10 seconds.